Description

For personal use

Replay - Snute v Ziggy: Game 2 - Catalyst LE

Build Order

Get SALT Encoding   

  12  0:00  Drone  
  13  0:12  Overlord  
  13  0:17  Drone  
  14  0:30  Drone x2  
  14  0:34  Drone  
  17  0:43  Spawning Pool  
  17  0:49  Drone  
  17  1:09  Hatchery  
  17  1:11  Drone  
  17  1:14  Drone  
  17  1:17  Extractor  
  17  1:19  Drone  
  18  1:30  Queen  
  18  1:32  Zergling x2  
  21  1:38  Overlord  
  21  1:49  Drone  
  22  2:00  Drone  
  23  2:06  Queen  
  25  2:12  Drone  
  26  2:16  Metabolic Boost  
  26  2:20  Queen  
  26  2:21  Drone  
  29  2:27  Zergling x2  
  30  2:31  Zergling x2  
  30  2:34  Overlord  
  31  2:39  Zergling x2  
  31  2:40  Zergling x4  
  34  2:47  Overlord  
  34  2:48  Zergling x2  
  35  2:55  Zergling x2  
  35  3:05  Zergling x4  
  37  3:09  Zergling x2  
  37  3:10  Zergling x6  
  41  3:14  Zergling x6  
  44  3:26  Zergling x4  
  46  3:31  Overlord  
  46  3:32  Queen  
  48  3:36  Zergling x2  
  49  3:48  Drone x3  
  51  4:00  Drone  
  51  4:01  Drone x4  
  56  4:08  Queen, Drone  
  55  4:16  Drone  
  55  4:17  Drone x2  
  58  4:21  Hatchery  
  58  4:22  Overlord  
  57  4:30  Zergling x4  
  58  4:41  Drone x3  
  59  4:49  Zergling x6  
  59  4:51  Zergling x2  
  63  4:54  Hatchery  
  63  4:57  Zergling x2  
  63  4:59  Evolution Chamber  
  62  5:00  Queen  
  62  5:05  Roach Warren, Extractor  
  62  5:09  Zergling x4  
  64  5:17  Overlord  
  64  5:20  Overlord  
  58  5:32  Drone  
  58  5:33  Drone x6  
  56  5:45  Drone x2  
  56  5:46  Drone x2  
  56  5:47  Drone x2  
  62  5:53  Drone x2  
  62  5:54  Drone  
  62  5:55  Drone x3  
  62  5:56  Drone  
  69  6:06  Drone x3  
  69  6:07  Drone x3  
  75  6:11  Overlord  
  75  6:16  Roach x3  
  81  6:22  Roach x2  
  81  6:23  Roach  
  87  6:27  Overlord  
  87  6:29  Roach x2  
  90  6:38  Roach x3  
  90  6:39  Overlord  
  96  6:41  Zergling x12  
  96  6:47  Zergling x12  
  103  6:49  Ravager  
  103  6:50  Overlord  
  103  6:52  Overlord  
  109  6:55  Extractor  
  108  7:08  Ravager, Overlord  
  109  7:09  Zergling x24  
  121  7:19  Ravager  
  120  7:23  Ravager  
Spawning Tool Build Advisor. Get it on Overwolf

Analysis

For personal use

Go to:

Details

  • Created by: englishkniggit
  • Published on: Mar 06, 2018
  • Modified on: Mar 06, 2018
  • Patch: 4.0.0
Show
View Real Time Build Order
Export as new Build Order

Comments (0)

There are no comments. Be the first!

Create an account to comment!